Map: Honorgrounds LE

Players

llllllllllll

  • Race: Zerg Zerg
  • League: Master
  • Spawn Location: 7:00

Railgan - Winner!

  • Race: Zerg Zerg
  • League: Master
  • Spawn Location: 5:00

VOD

Have the link to the VOD?

Description

Time

  • Played on: March 1, 2017, 5:43 p.m.
  • Length: 8:25
Show
View Real Time Build Order
Export as new Build Order

llllllllllll Zerg 

Build Orders: Pool First, Zergling Baneling 

Get SALT Encoding   

  12  0:00  Drone  
  13  0:12  Overlord  
  13  0:17  Drone  
  14  0:30  Drone x2  
  14  0:34  Drone  
  17  0:45  Extractor, Drone  
  17  0:56  Drone  
  18  0:57  Spawning Pool  
  17  1:07  Drone  
  18  1:23  Hatchery  
  17  1:27  Drone  
  18  1:44  Queen  
  18  1:45  Metabolic Boost  
  20  1:49  Zergling x2  
  21  1:56  Overlord  
  21  2:00  Drone  
  22  2:11  Baneling Nest  
  21  2:16  Zergling x4  
  23  2:23  Queen  
  25  2:30  Zergling x2  
  25  2:35  Zergling x4  
  28  2:44  Zergling x2  
  29  2:53  Zergling x8  
  33  3:10  Overlord  
  33  3:13  Baneling x2, Zergling x2  
  33  3:14  Zergling x4  
  33  3:18  Baneling x2  
  36  3:40  Drone x5  
  30  3:56  Zergling x2  
  30  3:57  Zergling x10  
  36  4:04  Queen  
  36  4:07  Queen  
  36  4:09  Baneling  
  40  4:10  Baneling  
  40  4:11  Baneling  
  40  4:13  Baneling  
  40  4:19  Drone x2  
  40  4:21  Drone  
  43  4:28  Overlord  
  43  4:30  Drone  
  39  4:48  Drone x6  
  39  4:49  Drone x2  
  47  4:55  Baneling  
  47  4:58  Zergling x6  
  50  5:06  Baneling x3  
  48  5:10  Drone x2  
  48  5:11  Drone  
  51  5:17  Roach Warren  
  50  5:24  Hatchery  
  48  5:30  Overlord  
  48  5:33  Extractor  
  48  5:35  Extractor, Evolution Chamber  
  46  5:37  Zergling x6  
  48  5:47  Drone x4  
  51  5:50  Lair  
  51  5:56  Drone x3  
  54  6:01  Zerg Missile Weapons Level 1  
  54  6:02  Drone  
  55  6:07  Overlord  
  55  6:09  Drone  
  56  6:29  Roach  
  56  6:30  Roach x5  
  67  6:38  Roach x2  
  67  6:39  Overlord x2  
  71  6:40  Drone x2  
  72  6:47  Overseer, Glial Reconstitution  
  72  6:49  Unknown  
  72  6:57  Roach x5  
  81  7:13  Drone x8  
  87  7:16  Drone  
  87  7:17  Drone  
  87  7:19  Extractor  
  87  7:20  Extractor  
  86  7:28  Extractor  
  85  7:34  Drone x3  
  85  7:35  Drone  
  85  7:36  Overlord  
  85  7:37  Infestation Pit, Overlord  
  89  7:38  Drone  
  89  7:59  Drone x8  
  89  8:03  Hatchery  
Show
View Real Time Build Order
Export as new Build Order

Railgan Zerg - Winner!

Build Orders: Hatch First 

Get SALT Encoding   

  12  0:01  Drone  
  13  0:13  Overlord  
  13  0:18  Drone  
  14  0:31  Drone x2  
  14  0:35  Drone  
  17  0:47  Drone  
  18  0:59  Drone  
  18  1:01  Extractor, Hatchery  
  17  1:08  Drone  
  18  1:17  Spawning Pool  
  17  1:21  Drone  
  18  1:29  Drone  
  19  1:41  Overlord  
  19  1:54  Drone  
  20  2:02  Drone  
  20  2:03  Queen  
  20  2:08  Baneling Nest  
  22  2:15  Queen  
  22  2:16  Zergling x2  
  22  2:17  Drone  
  26  2:23  Drone  
  26  2:24  Drone  
  28  2:31  Metabolic Boost  
  28  2:38  Drone x2  
  28  2:39  Queen  
  32  2:48  Drone, Overlord  
  33  2:56  Drone  
  34  3:04  Zergling x2  
  35  3:06  Zergling x2  
  35  3:07  Zergling x2  
  35  3:12  Spine Crawler, Zergling x6  
  38  3:17  Zergling x2  
  39  3:23  Baneling x2  
  39  3:24  Zergling x2  
  39  3:25  Baneling x4  
  40  3:32  Zergling x2  
  40  3:33  Zergling x2  
  42  3:35  Baneling  
  42  3:39  Zergling x2  
  35  3:51  Drone x7  
  41  4:01  Drone x2  
  43  4:05  Overlord  
  43  4:15  Drone, Overlord  
  43  4:27  Drone x4  
  43  4:30  Extractor  
  46  4:33  Roach Warren  
  46  4:36  Drone  
  41  4:46  Drone  
  41  4:50  Zergling x6  
  45  5:03  Hatchery  
  40  5:09  Baneling  
  40  5:11  Drone x3  
  40  5:12  Drone x2  
  40  5:13  Roach  
  40  5:14  Roach x3  
  53  5:22  Lair  
  53  5:26  Evolution Chamber  
  52  5:31  Roach x2  
  52  5:33  Drone  
  52  5:34  Drone  
  52  5:35  Drone  
  57  5:44  Overlord x2  
  57  5:48  Extractor  
  55  5:50  Overlord  
  55  5:53  Zerg Missile Weapons Level 1  
  55  6:02  Drone x2  
  55  6:03  Drone  
  58  6:06  Roach x4  
  66  6:13  Roach x3  
  72  6:21  Queen  
  72  6:25  Glial Reconstitution  
  74  6:31  Drone  
  74  6:32  Drone x5  
  80  6:34  Overseer  
  80  6:38  Drone x2  
  82  6:41  Overlord  
  82  6:43  Extractor  
  81  6:48  Overlord  
  81  6:58  Drone  
  82  7:06  Drone x8  
  89  7:10  Overlord  
  89  7:12  Drone  
  89  7:13  Overlord  
  90  7:22  Overlord  
  90  7:25  Overlord x2  
  90  7:27  Extractor  
  89  7:33  Roach x8  
  89  7:34  Overlord  
  105  7:38  Drone  
  105  7:40  Overlord  
  105  7:44  Ravager x3  
  107  7:45  Ravager  
  107  7:46  Drone x2  
  112  7:52  Unknown  
  112  7:54  Drone x2  
  112  7:57  Roach  
  116  8:01  Roach  
  118  8:09  Hatchery  
Tags
 
Add a new tag
Caveats
  • Supply blocks, unpowered buildings, or Contaminate may cause inaccurate times.
  • Supply counts are checked every 10 seconds.